Map: Ephemeron LE

Players

NoStormPls

  • Race: Terran Terran
  • League: Gold
  • Spawn Location: 11:00

doblejota - Winner!

  • Race: Terran Terran
  • League: Platinum
  • Spawn Location: 5:00

VOD

Have the link to the VOD?

Description

Time

  • Played on: Sept. 1, 2019, 1:35 p.m.
  • Length: 6:44
Show
View Real Time Build Order
Export as new Build Order

NoStormPls Terran 

Build Orders:  

Get SALT Encoding   

  12  0:00  SCV  
  13  0:13  SCV  
  14  0:18  Supply Depot  
  14  0:25  SCV  
  15  0:39  SCV  
  15  0:40  Barracks  
  16  0:45  Refinery  
  16  0:52  SCV  
  17  1:04  Barracks  
  17  1:05  SCV  
  18  1:16  Refinery  
  18  1:17  SCV  
  19  1:28  Reaper  
  19  1:29  SCV  
  21  1:34  Supply Depot  
  21  1:41  SCV  
  22  1:47  Supply Depot  
  22  1:51  Reaper  
  23  1:58  SCV  
  24  2:05  Supply Depot  
  24  2:09  Reaper  
  24  2:13  SCV  
  26  2:23  Reaper  
  27  2:49  Barracks  
  27  2:52  Orbital Command  
  24  3:13  Factory, Barracks Reactor  
  24  3:24  SCV  
  25  3:27  Barracks Tech Lab  
  25  3:32  Command Center  
  25  3:36  SCV  
  25  3:38  Barracks Reactor  
  26  3:48  SCV  
  27  4:14  Marine  
  27  4:15  Marine x4  
  32  4:17  Command Center  
  32  4:18  Factory Tech Lab  
  32  4:32  Marine  
  32  4:33  Marine x2, SCV  
  36  4:39  Siege Tank  
  39  4:45  Stimpack  
  39  4:58  Marine x2  
  41  5:00  Marine  
  39  5:11  Siege Tank  
  39  5:23  Marine x5  
  41  5:40  Marine  
  31  6:12  Marine x3  
Show
View Real Time Build Order
Export as new Build Order

doblejota Terran - Winner!

Build Orders: 1/1/1, Banshee Rush 

Get SALT Encoding   

  12  0:02  SCV  
  13  0:15  SCV  
  14  0:24  Supply Depot  
  14  0:27  SCV  
  15  0:33  Refinery  
  15  0:48  Barracks  
  15  1:03  SCV, Refinery  
  16  1:15  SCV  
  16  1:17  Barracks  
  17  1:27  SCV  
  18  1:39  Factory  
  18  1:40  Marine  
  19  1:53  Orbital Command  
  19  1:58  Marine  
  20  2:06  Marine  
  21  2:16  Marine  
  22  2:27  Starport  
  22  2:31  Factory Tech Lab  
  22  2:32  SCV  
  23  2:55  Engineering Bay  
  23  3:01  Supply Depot  
  23  3:15  Starport  
  23  3:22  Cloaking Field, Banshee  
  26  3:30  Missile Turret  
  26  3:36  Factory Tech Lab  
  26  3:39  Marine  
  27  3:43  Marine  
  28  3:56  Starport Tech Lab  
  28  4:05  Banshee  
  30  4:23  Supply Depot  
  30  4:26  SCV  
  30  4:30  Banshee  
  34  4:36  Siege Tank  
  37  4:46  SCV  
  38  4:57  Missile Turret  
  38  5:08  Banshee  
  38  5:12  Banshee  
  44  5:35  Marine x2  
  46  5:58  Banshee x2  
  46  5:59  Siege Tank, Supply Depot  
  55  6:12  Marine  
  55  6:21  Marine  
  55  6:23  Supply Depot  
Tags
 
Matchup
TvT
Opening
1/1/1
Race
Terran
Spawn Locations
Cross Positions
Strategy
Banshee Rush
Add a new tag
Caveats
  • Supply blocks, unpowered buildings, or Contaminate may cause inaccurate times.
  • Supply counts are checked every 10 seconds.